 Dungeon Crawl Stone Soup version 0.27-a0-899-ge2d0b17c59 (webtiles) character file.

Game seed: 16727273626867712061

100 dickylongcocking the Digger (level 4, -8/36 HPs)
             Began as a Deep Dwarf Earth Elementalist on Apr 5, 2021.
             Mangled by an ogre
             ... wielding a +0 giant club
              (12 damage)
             ... on level 3 of the Dungeon.
             The game lasted 00:02:14 (2400 turns).

dickylongcocking the Digger (DDEE)                  Turns: 2400, Time: 00:02:15

Health: -8/36      AC:  5    Str: 12    XL:     4   Next: 46%
Magic:  7/8        EV: 11    Int: 16    God:
Gold:   98         SH:  0    Dex: 13    Spells: 8/9 levels left

rFire    + . .     SeeInvis .   l - +2 whip (elec)
rCold    + . .     Faith    .   (no shield)
rNeg     . . .     Spirit   .   g - +0 ring mail
rPois    .         Reflect  .   (no helmet)
rElec    .         Harm     .   n - scarf {rC+ rF+}
rCorr    .         Rampage  .   (no gloves)
Will     .....                  (no boots)
Stlth    ++........             (no amulet)
HPRegen  0.00/turn              (no ring)
MPRegen  0.11/turn              (no ring)

@: non-regenerating
A: damage resistance, heal wounds, sense surroundings 1, no regeneration
a: Heal Wounds


You were on level 3 of the Dungeon.
You visited 1 branch of the dungeon, and saw 3 of its levels.

You collected 98 gold pieces.

Inventory:

Hand Weapons
 a - a +1 dagger of holy wrath
 l - a +2 whip of electrocution (weapon)
Missiles
 b - 38 stones
Armour
 c - a +0 robe
 g - a +0 ring mail (worn)
 j - a +0 leather armour
 n - a scarf of resistance (worn)
Wands
 i - a wand of charming (8)
 k - a wand of iceblast (5)
Scrolls
 d - 2 scrolls of teleportation {unknown}
 e - 2 scrolls of enchant armour {unknown}
 f - 4 scrolls of identify {unknown}
 h - a scroll of fear {unknown}
Potions
 m - 2 potions of curing {unknown}
 o - 2 potions of berserk rage {unknown}
 p - a potion of magic {unknown}


   Skills:
 + Level 0.1 Fighting
 - Level 0.9 Armour
 + Level 2.5 Dodging
 + Level 3.0 Stealth
 + Level 3.0 Spellcasting
 + Level 0.9 Transmutations
 + Level 4.9 Earth Magic


You had 8 spell levels left.
You knew the following spells:

 Your Spells              Type           Power      Damage    Failure   Level
a - Sandblast             Erth           36%        2d10      5%          1

Your spell library contained the following spells:

 Spells                   Type           Power      Damage    Failure   Level
 Passwall                 Tmut/Erth      9%         N/A       19%         2
 Stone Arrow              Conj/Erth      20%        3d8       43%         3
 Petrify                  Tmut/Erth      11%        N/A       77%         4
 Lee's Rapid Deconstruct  Erth           9%         3d8*      83%         5


Dungeon Overview and Level Annotations

Branches:
Dungeon (3/15)

Altars:
Elyvilon
Fedhas
Gozag
Vehumet
Wu Jian

Annotations:
D:3 2 transporters


Innate Abilities, Weirdness & Mutations

You are resistant to damage.
You can heal yourself by infusing magical energy.
You passively map a small area around you.
You do not regenerate.


Message History

Found an escape hatch in the floor.
p - a golden potion You are too injured to fight recklessly!
An ogre comes into view. It is wielding a +0 giant club.
The ogre shouts!
An ogre is nearby!
Casting: Sandblast (safe; 5% risk of failure)
Confirm with . or Enter, or press ? or * to list all spells.
You can't see any susceptible monsters within range! (Use Z to cast anyway.)
An ogre is nearby!
An ogre is nearby!
Casting: Sandblast (safe; 5% risk of failure)
Confirm with . or Enter, or press ? or * to list all spells.
Okay, then.
Aiming: Iceblast
Press: ? - help, Shift-Dir - straight line, f - ogre
Aim: an ogre, wielding a +0 giant club The mass of ice explodes!
The iceblast engulfs the ogre!
The ogre is moderately wounded.
Aiming: Iceblast
Press: ? - help, Shift-Dir - straight line, f/p - ogre
Aim: an ogre, wielding a +0 giant club (moderately wounded)
The mass of ice explodes!
The iceblast engulfs the ogre.
The ogre is heavily wounded.
Unknown command.
Aiming: Iceblast
Press: ? - help, Shift-Dir - straight line, f/p - ogre
Aim: an ogre, wielding a +0 giant club (heavily wounded)
The mass of ice explodes!
The iceblast engulfs the ogre!
The ogre is severely wounded.
Unknown command.
Casting: Sandblast (safe; 5% risk of failure)
Confirm with . or Enter, or press ? or * to list all spells.
Aiming: Sandblast (safe; 5% risk of failure)
Press: ? - help, Shift-Dir - straight line, f/p - ogre
Aim: an ogre, wielding a +0 giant club (severely wounded, 10% to evade)
The blast of sand hits the ogre.
The ogre is severely wounded.
The ogre hits you with a +0 giant club!
You die...

..############ .............#
###* .###########.# *#..., .#
#.# ... , , .# #.# ..# *
.###########.# #..# *
...........#.# #..#
.#########.#.####O.# *
.##........#....@..#
....)..##........#.# * *
###.##.##..#####.#.####### ,#
#.##.##..#####.#.#.....# *.#
#.##.......#...........####.###
#<##.##.##...#.#.#.............
#.......##.#.....#....###.#####
####.####....#.###....#.....# ,
######.##....###.# ######.#.###


You could see an ogre.

Vanquished Creatures
  Ijyb (D:3)
  2 adders
  A worm (D:2)
  A dart slug (D:3)
  7 ball pythons
  8 endoplasms
  A giant cockroach (D:1)
  3 goblins
  3 hobgoblins
  2 jackals (D:1)
  6 kobolds
  A quokka (D:1)
  5 bats
  4 frilled lizards
  4 rats
49 creatures vanquished.

Notes
Turn   | Place    | Note
-------+----------+-------------------------------------------
     0 | D:1      | dickylongcocking the Deep Dwarf Earth Elementalist began
                  | the quest for the Orb.
     0 | D:1      | Reached XP level 1. HP: 15/15 MP: 3/3
   278 | D:1      | Reached XP level 2. HP: 17/22 MP: 3/5
  1151 | D:2      | Reached XP level 3. HP: 8/28 MP: 3/6
  1763 | D:3      | Noticed Ijyb
  1772 | D:3      | Killed Ijyb
  1773 | D:3      | Reached XP level 4. HP: 6/36 MP: 0/8
  1870 | D:3      | Found an ornate altar of the Wu Jian Council.
  1872 | D:3      | Found a radiant altar of Vehumet.
  1875 | D:3      | Found a blossoming altar of Fedhas.
  1923 | D:3      | Found an opulent altar of Gozag.
  2086 | D:3      | Found a transporter.
  2092 | D:3      | Found a transporter.
  2105 | D:3      | Noticed a sky beast
  2218 | D:3      | Found a white marble altar of Elyvilon.
  2396 | D:3      | Noticed an ogre
  2400 | D:3      | Mangled by an ogre

Illustrated notes

Levels and vault maps discovered:
D:1:      scummos_arrival_star, layout_basic
D:2:      layout_rooms
D:3:      layout_loops_ring, nicolae_gozag_cash_rules_everything_around_me,
          gammafunk_temple_overflow_arena, grunt_temple_overflow_open, uniq_ijyb

Skill      XL: |  1  2  3  4 |
---------------+-------------+-----
Spellcasting   | 2 3 |  3.0
Stealth        | 3 |  3.0
Fighting       | |  0.1
Armour         | |  0.9
Dodging        | |  2.5
Transmutations | |  0.9
Earth Magic    | |  4.9

Action                   |  1- 3 |  4- 6 || total
-------------------------+-------+-------++-------
Melee: Unarmed           |     1 |       ||     1
       Dagger            |    10 |       ||    10
 Cast: Sandblast         |    56 |    13 ||    69
Evoke: Wand              |       |     3 ||     3
  Use: Potion            |     2 |       ||     2
Armor: Robe              |     3 |       ||     3
       Ring mail         |     2 |     1 ||     3
Dodge: Dodged            |    23 |     3 ||    26

Table legend: (Time is in decaauts)
 A = Elapsed time spent in this place.
 B = Non-inter-level travel time spent in this place.
 C = Inter-level travel time spent in this place.
 D = Time resting spent in this place.
 E = Time spent auto-exploring this place.
 F = Levels seen in this place.
 G = Mean time per level.
                   A        B        C        D        E       F      G
               +--------+--------+--------+--------+--------+-----+--------+
         Total |   2398 |   2338 |     60 |    158 |   1859 |   3 |  799.3 |
       Dungeon |   2398 |   2338 |     60 |    158 |   1859 |   3 |  799.3 |
               +--------+--------+--------+--------+--------+-----+--------+

Top non-repeatable levels by time:
     D:1: 1140 daAuts
     D:3: 640 daAuts
     D:2: 617 daAuts
